 Dungeon Crawl Stone Soup version 0.19-a0-450-g98b348d (webtiles) character file.

1953 Duffy the Chopper (level 8, -1/56 HPs)
             Began as a Mummy Gladiator on June 1, 2016.
             Was a Follower of Cheibriados.
             Slain by an orc warrior
             ... wielding a +2 mace of holy wrath
              (5 damage)
             ... on level 6 of the Dungeon.
             The game lasted 00:08:53 (7669 turns).

Duffy the Chopper (Mummy Gladiator)                 Turns: 7669, Time: 00:08:54

Health: -1/56      AC: 13    Str: 23    XL:     8   Next: 99%
Magic:  8/8        EV:  7    Int:  9    God:    Cheibriados [*.....]
Gold:   147        SH:  0    Dex: 14    Spells: 0 memorised, 7 levels left

rFire  . . .     SeeInvis .     a - +2 battleaxe (elec)
rCold  + . .     Gourm    .     q - +0 plate armour
rNeg   + + +     Faith    .     (shield currently unavailable)
rPois  ∞         Spirit   .     c - +0 helmet
rElec  .         Dismiss  .     (no cloak)
rCorr  +         Reflect  .     (no gloves)
SustAt .         Harm     .     (no boots)
MR     +....                    p - amulet of regeneration
Stlth  ..........               y - ring of resist corrosion
                                t - ring of protection from fire

@: drained, very slow, somewhat resistant to hostile enchantments, extremely
unstealthy
A: no food or potions, fire vulnerability, cold resistance 1, negative energy
resistance 3, torment resistance, unbreathing
a: Bend Time, Renounce Religion


You were on level 6 of the Dungeon.
You worshipped Cheibriados.
Cheibriados was aware of your devotion.
You were not hungry.

You visited 2 branches of the dungeon, and saw 7 of its levels.

You collected 316 gold pieces.
You spent 169 gold pieces at shops.


Innate Abilities, Weirdness & Mutations

You do not eat or drink.
Your flesh is vulnerable to fire.
You are immune to poison.
Your flesh is cold resistant. (rC+)
You are immune to negative energy. (rN+++)
You are immune to unholy pain and torment.
You can survive without breathing.


   Skills:
 - Level 2.0(1.3) Fighting
 + Level 7.5(6.7) Axes
 - Level 1.5(0.8) Throwing
 + Level 6.6(5.8) Armour
 - Level 2.4(1.7) Dodging


You had 7 spell levels left.
You didn't know any spells.

Inventory:

Hand Weapons
 a - a +2 battleaxe of electrocution (weapon)
 b - a +1 dagger of venom
 x - a +0 morningstar
Missiles
 d - 4 throwing nets (quivered)
Armour
 c - a +0 helmet (worn)
 q - a +0 plate armour (worn)
Jewellery
 p - an amulet of regeneration (around neck)
 r - an uncursed ring of flight
 s - an uncursed ring of see invisible
 t - a ring of protection from fire (left hand)
 y - a ring of resist corrosion (right hand)
Wands
 z - a wand of flame (21/48)
Scrolls
 g - 2 scrolls of enchant armour {unknown}
 h - 3 scrolls of teleportation
 i - 6 scrolls of remove curse {unknown}
 j - a scroll of magic mapping {unknown}
 l - a scroll of fog {unknown}
 w - 2 scrolls of recharging
Books
 n - a book of Burglary

Dungeon Overview and Level Annotations

Branches:
Dungeon (6/15)             Temple (1/1) D:6

Altars:
Cheibriados
Dithmenos
Elyvilon
Gozag
Hepliaklqana
Makhleb
Nemelex Xobeh
Okawaru
Pakellas
Qazlal
Ru
Sif Muna
Trog
Uskayaw
Vehumet
Xom
Yredelemnul
Zin
The Shining One

Shops:
D:3 }   D:6 ((:

Annotations:
D:6 Dowan


Message History

The orc wizard flickers and vanishes!
Deactivating autopickup; reactivate with Ctrl-A.
An orc comes into view. It is wielding a mace.
You hit the orc warrior.
The orc warrior is lightly wounded.
You closely miss the orc warrior.
The orc warrior is lightly wounded.
Your plate armour prevents you from hitting the orc.
The orc warrior hits you with a mace of holy wrath!
You convulse.
The orc hits you but does no damage.
You closely miss the orc warrior.
The orc warrior is lightly wounded.
You hit the orc but do no damage.
The orc warrior hits you with a mace of holy wrath!
You convulse!!
The orc hits you but does no damage.
The orc warrior hits you with a mace of holy wrath!
You convulse.
You are too injured to fight recklessly!
You are too injured to fight recklessly!
You are too injured to fight recklessly!
You hit the orc.
The orc is severely wounded.
You closely miss the orc warrior.
The orc warrior is lightly wounded.
The orc barely misses you. The orc warrior closely misses you.
The orc hits you.
You closely miss the orc.
The orc is severely wounded.
You barely miss the orc priest.
Your plate armour prevents you from hitting the orc warrior.
The orc warrior is lightly wounded.
The orc priest invokes the aid of Beogh against you.
You are unaffected.
The orc warrior barely misses you.
You slash something!
There is a sudden explosion of sparks!
Cheibriados appreciates the change of pace.
Reactivating autopickup.
You feel a bit more experienced.
You closely miss the orc warrior.
The orc warrior is lightly wounded.
You hit the orc priest.
There is a sudden explosion of sparks!
You kill the orc priest!
Cheibriados appreciates the change of pace.
The orc warrior barely misses you. The orc closely misses you.
You slash the orc!
You kill the orc!
Cheibriados appreciates the change of pace.
You hit the orc warrior but do no damage.
There is a sudden explosion of sparks!
The orc warrior is severely wounded.
The orc warrior hits you with a mace of holy wrath.
You die...

#....e#...!#
#..........# #.#....#
#....)#.(..# #.#....#
#.....##########......#
##8.8.8# #...#.....#
#.}.}.# #...#.....#
#8.\.8## #...#.)...#
#.}.o[o####...#.....#
#8.8.8@.......'.....##
##.#....###...##.#.##.#
#......# #...# ... .
###....# ##### ###O. #
#....# ## #>.## #....#
#. . .. #....#
######.#.## # #....#
#....#..#.# ##.###
#....##.#.#


You could see an orc warrior and an orc.

Action                   |  1- 3 |  4- 6 |  7- 9 || total
-------------------------+-------+-------+-------++-------
Melee: War axe           |    80 |   108 |   237 ||   425
       Dagger            |       |    40 |    38 ||    78
       Battleaxe         |       |       |    16 ||    16
  Use: Scroll            |       |       |     7 ||     7
 Stab: Sleeping          |     2 |       |       ||     2
Armor: Leather armour    |     2 |       |       ||     2
       Ring mail         |    29 |       |       ||    29
       Plate armour      |     9 |   144 |   199 ||   352
Dodge: Dodged            |    47 |    62 |   127 ||   236

Notes
Turn   | Place    | Note
--------------------------------------------------------------
     0 | D:1      | Duffy the Mummy Gladiator began the quest for the Orb.
     0 | D:1      | Reached XP level 1. HP: 16/16 MP: 1/1
    91 | D:3      | Reached skill level 3 in Axes
    91 | D:3      | Reached XP level 2. HP: 11/22 MP: 2/2
   343 | D:1      | Found a sparkling altar of Nemelex Xobeh.
  1076 | D:2      | Reached XP level 3. HP: 27/27 MP: 3/3
  1428 | D:2      | Reached skill level 4 in Axes
  1565 | D:3      | Found an oddly glowing altar of Pakellas.
  1565 | D:3      | Found Pakellas's Prime Provisions.
  1615 | D:3      | Reached XP level 4. HP: 19/33 MP: 4/4
  1767 | D:3      | Noticed Ijyb
  1781 | D:3      | Killed Ijyb
  1781 | D:3      | Reached skill level 1 in Armour
  2195 | D:3      | Found a hazy altar of Hepliaklqana.
  2306 | D:4      | Reached XP level 5. HP: 24/38 MP: 5/5
  2667 | D:3      | Reached skill level 2 in Armour
  2840 | D:4      | Reached skill level 5 in Axes
  2840 | D:4      | Reached XP level 6. HP: 39/44 MP: 6/6
  3411 | D:3      | Reached skill level 3 in Armour
  3724 | D:3      | Reached XP level 7. HP: 25/50 MP: 7/7
  4142 | D:4      | Found a sacrificial altar of Ru.
  4236 | D:4      | Found a shimmering altar of Xom.
  4550 | D:5      | Entered Level 5 of the Dungeon
  4892 | D:5      | Reached skill level 6 in Axes
  4892 | D:5      | Reached skill level 4 in Armour
  5293 | D:5      | Found a deep blue altar of Sif Muna.
  5335 | D:5      | Found a glowing golden altar of the Shining One.
  5337 | D:5      | Noticed an angel
  5348 | D:5      | Found a basalt altar of Yredelemnul.
  5350 | D:5      | Noticed a profane servitor
  5896 | D:6      | Found Lisa's Book Boutique.
  5970 | D:6      | Noticed a hippogriff
  5989 | D:6      | Killed a hippogriff
  5989 | D:6      | Reached skill level 5 in Armour
  6120 | D:6      | Found Yppum's Antique Weapon Shop.
  6141 | D:6      | Noticed Dowan
  6156 | D:6      | Noticed Duvessa
  6160 | D:6      | Reached XP level 8. HP: 45/56 MP: 8/8
  6483 | D:6      | Found a glowing golden altar of the Shining One.
  6732 | D:6      | Found a staircase to the Ecumenical Temple.
  6777 | Temple   | Entered the Ecumenical Temple
  7120 | Temple   | Became a worshipper of Cheibriados the Contemplative
  7172 | D:6      | Reached skill level 7 in Axes
  7172 | D:6      | Reached skill level 6 in Armour
  7502 | D:6      | Reached * piety under Cheibriados
  7597 | D:6      | Found Lyamot's Antique Weapon Shop.
  7603 | D:6      | Bought a runed battleaxe for 169 gold pieces
  7634 | D:6      | Killed Duvessa
  7669 | D:6      | Slain by an orc warrior

Skill      XL: |  1  2  3  4  5  6  7  8 |
---------------+-------------------------+-----
Axes           | 3 4 5 6 7 |  7.5
Armour         | 1 2 3 5 6 |  6.6
Fighting       | |  2.0
Throwing       | |  1.5
Dodging        | |  2.4

Vault maps used:
D:1:      enne_arrival_octagon_isle, nemelex_xobeh_ov_fountains_minmay
D:2:      kennysheep_generic_room_6
D:3:      kennysheep_the_goblin_king, lemuel_coloured_pillars_altar,
          johnstein_pakellas_shop, first_bread
D:4:      kennysheep_mini_moat, hangedman_ru_absence, minmay_splitting_lines
D:5:      grunt_temple_overflow_holy_war, lemuel_blue_sif_altar
D:6:      kennysheep_six_static_rooms, minmay_temple_entry_trees, serial_shops,
          shop, shop, nicolae_shop_temple_entry_statues_fountains, shop,
          st_stairs_7, minmay_crystal_water, nicolae_tso_besieged_by_evil,
          uniq_duvessa
Temple:   triangle_lava_temple_11

Vanquished Creatures
  A hippogriff Duvessa
  An ice beast
  2 orc warriors
  2 ogres
  A giant frog
  6 killer bees
  A howler monkey
  3 crimson imps
  A centaur zombie
  A hound
  6 orc priests
  8 orc wizards Ijyb
  3 worker ants
  A gnoll
  7 adders
  A shadow imp
  An ooze
  2 adder zombies
  An adder skeleton
  3 worms
  A dart slug
  2 giant geckos
  23 orcs
  5 giant cockroaches
  10 goblins
  9 hobgoblins
  9 jackals
  2 quokkas
  2 ball pythons
  9 bats
  A giant gecko zombie
  3 giant newts
  A goblin skeleton
  A goblin zombie
  A hobgoblin zombie
  A jackal skeleton
  A kobold
  4 kobold skeletons
  A kobold zombie
  An orc skeleton
  An orc zombie
  9 rats
151 creatures vanquished.
